 Dungeon Crawl Stone Soup version 0.30-a0-458-g86641cc369 (webtiles) character file.

Game seed: 12891660644397487641

17675 cforsyth the Grappler (level 12, 0/122 HPs)
             Began as a Troll Fighter on Dec 15, 2022.
             Was a Believer of Wu Jian.
             Slain by a tentacled starspawn (7 damage)
             ... on level 1 of the Abyss.
             The game lasted 00:27:29 (10094 turns).

cforsyth the Grappler (Troll Fighter)              Turns: 10094, Time: 00:27:29

Health: 0/122      AC:  8    Str: 27    XL:     12   Next: 21%
Magic:  11/11      EV: 13    Int:  8    God:    Wu Jian [**....]
Gold:   603        SH: 10    Dex:  9    Spells: 11/11 levels left

rFire   + . .      SeeInvis .      - Unarmed
rCold   + . .      Faith    .    b - +0 kite shield
rNeg    + . .      Spirit   .    y - +2 robe {Will+}
rPois   .          Reflect  .    N - +1 hat
rElec   .          Harm     .    n - +0 cloak
rCorr   .          Rampage  .    (gloves unavailable)
Will    +....                    (boots unavailable)
Stlth   +.........               (no amulet)
HPRegen 1.20/turn                l - +4 ring of evasion
MPRegen 0.12/turn                L - ring "Nuwih" {rF+ rC+ rN+}

@: no status effects
A: large, unfitting armour, claws 3, regeneration 1, shaggy fur 1, tough skin 1,
antennae 1
a: Renounce Religion, Wall Jump


You were on level 1 of the Abyss.
You worshipped Wu Jian.
Wu Jian was pleased with you.
You visited 1 branch of the dungeon, and saw 12 of its levels.
You visited the Abyss 1 time.
You also visited: Sewer and Bailey.

You collected 603 gold pieces.

Inventory:

Armour
 b - a +0 kite shield (worn)
 n - a +0 cloak (worn)
 v - a +1 robe of the Archmagi
 y - a +2 robe of willpower (worn)
 N - a +1 hat (worn)
Jewellery
 h - a +4 ring of evasion
 l - a +4 ring of evasion (left claw)
 m - a ring of protection from cold
 o - an amulet of magic regeneration
 B - a ring of resist corrosion
 F - a ring of magical power
 I - an amulet of guardian spirit
 L - the ring "Nuwih" (right claw) {rF+ rC+ rN+}
   (You found it on level 12 of the Dungeon)

   [ring of protection from cold]

   rF:        It protects you from fire.
   rC:        It protects you from cold.
   rN:        It protects you from negative energy.
Wands
 u - a wand of flame (11)
 w - a wand of iceblast (22)
 z - a wand of mindburst (27)
 E - a wand of light (6)
Scrolls
 c - a scroll of fog {unknown}
 d - a scroll of silence {unknown}
 e - 8 scrolls of identify {unknown}
 f - 2 scrolls of teleportation
 g - 6 scrolls of immolation
 p - a scroll of fear {unknown}
 q - 4 scrolls of enchant weapon {unknown}
 r - 2 scrolls of amnesia {unknown}
 A - 2 scrolls of blinking {unknown}
 C - 3 scrolls of torment {unknown}
 D - a scroll of vulnerability {unknown}
 G - 4 scrolls of enchant armour {unknown}
 H - a scroll of brand weapon {unknown}
Potions
 a - 2 potions of cancellation {unknown}
 i - 7 potions of flight
 j - 4 potions of curing
 k - 4 potions of heal wounds {unknown}
 s - 2 potions of mutation
 t - a potion of attraction
 x - 2 potions of might
 J - a potion of brilliance {unknown}
 K - a potion of ambrosia
 M - a potion of magic {unknown}


   Skills:
 + Level 8.9 Fighting
 + Level 3.1 Dodging
 + Level 9.7 Shields
 * Level 14.2 Unarmed Combat


You had 11 spell levels left.
You didn't know any spells.
Your spell library contained the following spells:

 Spells                   Type           Power      Damage    Failure   Level
 Apportation              Tloc           0%         N/A       63%         1
 Magic Dart               Conj           0%         1d3       63%         1
 Necrotise                Necr           0%         1d4       63%         1
 Slow                     Hex            0%         N/A       63%         1
 Summon Small Mammal      Summ           0%         N/A       63%         1
 Searing Ray              Conj           0%         2d4       77%         2
 Confusing Touch          Hex            0%         N/A       94%         3
 Kindle Blastsparks       Fire/Tloc/Air  0%         2d10      94%         3
 Stone Arrow              Conj/Erth      0%         3d7       94%         3
 Vampiric Draining        Necr           0%         2d6       94%         3
 Animate Armour           Summ/Erth      0%         N/A       100%        4
 Fulminant Prism          Conj/Hex       0%         3d5       100%        4
 Iskenderun's Mystic Bla  Conj/Tloc      0%         2d3       100%        4
 Alistair's Intoxication  Tmut/Pois      0%         N/A       100%        5
 Lee's Rapid Deconstruct  Erth           0%         3d4*      100%        5
 Lehudib's Crystal Spear  Conj/Erth      0%         10d2      100%        8


Dungeon Overview and Level Annotations

Branches:
Dungeon (12/15)            Temple (0/1) D:7            Lair (0/5) D:10
    Orc (0/2) D:10          Sewer (visited)          Bailey (visited)

Altars:
Dithmenos
Gozag
Makhleb
Nemelex Xobeh
Ru
Wu Jian
Yredelemnul
Zin
The Shining One

Shops:
D:2 (   D:9 *!   D:11 *

Annotations:
D:3 1 runed translucent door, Crazy Yiuf
D:8 1 runed translucent door
D:12 Psyche


Innate Abilities, Weirdness & Mutations

You are too large for most types of armour.
You have claws for hands.
Your natural rate of healing is unusually fast.
You are covered in fur. (AC +1)
You have tough skin. (AC +1)
You have a pair of small antennae on your head.


Message History

The starspawn tentacle completely misses you.
You block the tentacled starspawn's attack. x2
The flying skull hits you.
* * * LOW HITPOINT WARNING * * *
Unknown command.
You spin and attack the flying skull repeatedly.
You claw the flying skull!
The flying skull is severely damaged.
You miss the flying skull.
The flying skull is severely damaged.
You spin and attack the starspawn tentacle repeatedly.
You claw the starspawn tentacle!
The starspawn tentacle is moderately damaged.
You claw the starspawn tentacle!
The starspawn tentacle is severely damaged.
The flying skull hits you!
* * * LOW HITPOINT WARNING * * *
The starspawn tentacle grabs you. The starspawn tentacle constricts you.
* * * LOW HITPOINT WARNING * * *
The starspawn tentacle loses its grip on you.
The tentacle pulls you backwards!
A tentacle flies out from the starspawn's body!
A starspawn tentacle comes into view.
Unknown command.
You spin and attack the flying skull repeatedly.
You closely miss the flying skull.
The flying skull is severely damaged.
You claw the flying skull!
You destroy the flying skull!
The Council accepts your kill. The tentacled starspawn bites you!!
* * * LOW HITPOINT WARNING * * *
You block the tentacled starspawn's attack.
You block the starspawn tentacle's attack.
Unknown command.
You spin and attack the tentacled starspawn.
You barely miss the tentacled starspawn.
The tentacled starspawn is moderately damaged.
The tentacled starspawn bites you!
You die...

#.# . ..# #. .
... .# #. #.#
. #..#..#. ..
#..#.†.#### .
#.. #..##....#
.. ..#
#...#...#.#. #
..#
#..#.w.@### #
#..#.#
#.<..X#.#...
... ..
#...#│#│w..#..
..
#...#│#.\..#.
##..#.\.#>.#
#...#
.#....──...##
# # #
#..##.x....#.
# #._#
..#..###..
##.##.##... #


You could see a tentacled starspawn, a small abomination and 2 starspawn
tentacles.

Vanquished Creatures
  Gastronok (D:12)
  A centaur warrior (D:11)
  5 two-headed ogres
  A large abomination (Abyss:1)
  A thrashing horror (Abyss:1)
  An orb spider (Abyss:1)
  An ugly thing (D:11)
  Maurice (D:10)
  2 gargoyles
  A smoke demon (Abyss:1)
  A komodo dragon (D:11)
  Grinder (D:6)
  An ettin zombie (Abyss:1)
  3 flying skulls (Abyss:1)
  2 shadows
  5 spriggans (Bailey)
  A ynoxinul (Abyss:1)
  13 yaks
  4 steam dragons
  A vampire mosquito (D:11)
  2 acid dragons
  3 black bears
  2 ice beasts
  8 ogres (Bailey)
  3 orc warriors
  5 centaurs
  2 phantoms
  2 kobold brigands
  2 necrophages (D:6)
  2 bullfrogs
  A gnoll sergeant (D:10)
  7 scorpions
  9 wights
  8 killer bees
  5 howler monkeys
  A quasit (Abyss:1)
  5 orc priests
  7 hounds
  4 iguanas
  12 orc wizards
  5 gnolls (D:10)
  5 river rats (Sewer)
  13 adders
  3 ufetubi
  A worm (D:4)
  3 dart slugs (D:1)
  37 orcs
  15 ball pythons
  11 bats
  6 endoplasms
  4 giant cockroaches
  12 goblins
  6 hobgoblins
  3 jackals
  8 quokkas
  2 frilled lizards
  15 kobolds
  12 rats
298 creatures vanquished.

Vanquished Creatures (others)
  An orc (D:9)
  A kobold (D:9)
  2 starspawn tentacles (Abyss:1)
4 creatures vanquished.

Grand Total: 302 creatures vanquished

Notes
Turn   | Place    | Note
-------+----------+-------------------------------------------
     0 | D:1      | cforsyth the Troll Fighter began the quest for the Orb.
     0 | D:1      | Reached XP level 1. HP: 22/22 MP: 0/0
    94 | D:1      | Reached XP level 2. HP: 29/29 MP: 1/1
   471 | D:1      | Reached XP level 3. HP: 36/36 MP: 2/2
   976 | D:2      | Found Sycvaruy's Antique Weapon Boutique.
   976 | D:2      | Identified the +2 kite shield "Qedewkor" {*Corrode rPois
                  | rN+ Dex+3}
   987 | D:2      | Reached skill level 3 in Unarmed Combat
  1413 | D:3      | Reached XP level 4. HP: 44/44 MP: 3/3
  1469 | D:3      | Found a glowing silver altar of Zin.
  1665 | D:3      | Found a runed translucent door.
  1666 | D:3      | Noticed Crazy Yiuf
  1802 | D:3      | Found a faded altar of an unknown god.
  2133 | D:4      | Found a glowing drain.
  2166 | Sewer    | Entered a sewer
  2263 | Sewer    | Reached XP level 5. HP: 53/53 MP: 4/4
  2269 | Sewer    | Reached skill level 4 in Unarmed Combat
  2896 | D:4      | Reached XP level 6. HP: 20/61 MP: 5/5
  3190 | D:4      | Reached skill level 5 in Unarmed Combat
  3217 | D:4      | Found a glowing golden altar of the Shining One.
  3438 | D:5      | Entered Level 5 of the Dungeon
  3443 | D:4      | Reached XP level 7. HP: 66/68 MP: 6/6
  3500 | D:5      | Reached skill level 6 in Unarmed Combat
  3793 | D:5      | Found a sacrificial altar of Ru.
  3810 | D:5      | Reached skill level 5 in Shields
  3810 | D:5      | Reached XP level 8. HP: 63/79 MP: 7/7
  3927 | D:5      | Reached skill level 7 in Unarmed Combat
  4189 | D:6      | Reached skill level 5 in Fighting
  4267 | D:6      | Reached skill level 8 in Unarmed Combat
  4317 | D:6      | Noticed Grinder
  4325 | D:6      | Killed Grinder
  4327 | D:6      | Reached XP level 9. HP: 78/88 MP: 8/8
  4837 | D:6      | Reached skill level 9 in Unarmed Combat
  4908 | D:7      | Identified the +9 arbalest of the Snake Pit {freeze, Will-
                  | rCorr Str+4 Int+3}
  5108 | D:7      | Found an ornate altar of the Wu Jian Council.
  5149 | D:7      | Found a staircase to the Ecumenical Temple.
  5161 | D:7      | Found a shadowy altar of Dithmenos.
  5480 | D:7      | Became a worshipper of the Wu Jian Council
  5812 | D:9      | Gained mutation: You have a pair of small antennae on your
                  | head. [potion of mutation]
  5864 | D:9      | Found a flagged portal.
  5878 | Bailey   | Entered a bailey
  5920 | Bailey   | Reached skill level 10 in Unarmed Combat
  5925 | Bailey   | Noticed a two-headed ogre
  5937 | Bailey   | Killed a two-headed ogre
  5938 | Bailey   | Reached XP level 10. HP: 88/100 MP: 9/9
  6186 | Bailey   | Reached skill level 11 in Unarmed Combat
  6364 | D:9      | Reached * piety under Wu Jian
  6398 | D:9      | Found an opulent altar of Gozag.
  6478 | D:8      | Found a runed translucent door.
  6479 | D:8      | Found a burning altar of Makhleb.
  6479 | D:8      | Noticed a sixfirhy
  7193 | D:9      | Found Ejiufis's Distillery.
  7380 | D:9      | Found Gozag's Platinum Reserve.
  7535 | D:9      | Found a sparkling altar of Nemelex Xobeh.
  7596 | D:10     | Entered Level 10 of the Dungeon
  7596 | D:10     | Noticed a gargoyle
  7601 | D:10     | Killed a gargoyle
  7659 | D:10     | Found a staircase to the Lair.
  7680 | D:10     | Found a staircase to the Orcish Mines.
  7695 | D:10     | Noticed a two-headed ogre
  7706 | D:10     | Killed a two-headed ogre
  7707 | D:10     | Reached skill level 12 in Unarmed Combat
  7757 | D:10     | Noticed a two-headed ogre
  7763 | D:10     | Killed a two-headed ogre
  7764 | D:10     | Reached XP level 11. HP: 109/109 MP: 10/10
  7803 | D:10     | Reached ** piety under Wu Jian
  7878 | D:10     | Noticed Maurice
  7887 | D:10     | Killed Maurice
  7935 | D:10     | Noticed a two-headed ogre
  8060 | D:10     | Killed a two-headed ogre
  8177 | D:10     | Found a basalt altar of Yredelemnul.
  8205 | D:10     | Noticed a two-headed ogre
  8211 | D:10     | Killed a two-headed ogre
  8456 | D:11     | Found Ynkeiv's CLEARANCE SALE!.
  8655 | D:11     | Reached skill level 13 in Unarmed Combat
  8722 | D:11     | Noticed a brown ugly thing
  8730 | D:11     | Killed a brown ugly thing
  8747 | D:11     | Noticed a centaur warrior
  8760 | D:11     | Killed a centaur warrior
  9543 | D:12     | Identified the ring "Nuwih" {rF+ rC+ rN+}
  9840 | D:12     | Noticed Gastronok
  9853 | D:12     | Killed Gastronok
  9879 | D:12     | Noticed a deep elf pyromancer
  9879 | D:12     | Noticed Psyche
  9887 | Abyss:1  | Cast into level 1 of the Abyss (Psyche)
  9898 | Abyss:1  | Noticed a large abomination
  9906 | Abyss:1  | Killed a large abomination
  9907 | Abyss:1  | Reached skill level 14 in Unarmed Combat
  9907 | Abyss:1  | Reached XP level 12. HP: 107/122 MP: 11/11
 10059 | Abyss:1  | Found a candlelit altar of Ignis.
 10080 | Abyss:1  | Noticed a tentacled starspawn
 10093 | Abyss:1  | HP: 6/122 [tentacled starspawn (20)]
 10094 | Abyss:1  | Slain by a tentacled starspawn

Illustrated notes

Levels and vault maps discovered:
D:1:      elethiomel_arrival_infinity_welcomes_careful_drivers, layout_rooms
D:2:      layout_basic, serial_shops, nicolae_diamond_shop,
          kennysheep_generic_room_15
D:3:      layout_rooms, mainiacjoe_overflow_paths,
          dreamdust_ecumenical_altar_hidden_monk_grotto, uniq_crazy_yiuf_cottage
D:4:      layout_gridville, mainiacjoe_overflow_brackets, portal_sewer_entry_c
D:5:      layout_loops_ring, nicolae_ru_awakened_eye
D:6:      layout_basic, uniq_grinder
D:7:      layout_basic, grunt_dithmenos_smoke, mainiacjoe_overflow_alcove_2,
          temple_statues, kennysheep_decorative_pillar
D:8:      layout_cave_pools, nzn_makhleb_speed_demon
D:9:      layout_rooms, nemelex_diamond_rough_becter,
          nicolae_gozag_zags_fifth_avenue, enter_bailey_3, serial_shops,
          kennysheep_mini_moat, nicolae_wand_duel
D:10:     layout_rooms, mainiacjoe_overflow_24_doors, lair_entry_dummy,
          orc_0_dummy, minivault_25, serial_bayou_pond_e, uniq_maurice
D:11:     layout_irregular_city, roderic_serpentine_path, nicolae_shop_clearance
D:12:     nicolae_cairo_tiling_large, layout_basic, uniq_josephine,
          uniq_gastronok, uniq_psyche
Abyss:1:  base:
D:1

Skill      XL: |  1  2  3  4  5  6  7  8  9 10 11 12 |
---------------+-------------------------------------+-----
Shields        | 3 4 5 6 7 8 9 |  9.7
Unarmed Combat | 3 4 5 6 8 10 12 14 | 14.2
Fighting       | 3 4 5 6 7 8 |  8.9
Dodging        | 3 |  3.1

Action                   |  1- 3 |  4- 6 |  7- 9 | 10-12 || total
-------------------------+-------+-------+-------+-------++-------
Melee: Unarmed           |   121 |   220 |   257 |   376 ||   974
Invok: Lunge             |       |       |    10 |    26 ||    36
       Whirlwind         |       |       |       |    80 ||    80
Evoke: Wand              |       |       |       |    10 ||    10
  Use: Scroll            |       |     2 |     3 |       ||     5
       Potion            |       |     3 |     4 |     4 ||    11
Armor: Robe              |    36 |    68 |    82 |    69 ||   255
       Skin              |       |     4 |       |     8 ||    12
Dodge: Dodged            |    49 |   170 |   167 |   153 ||   539
Block: Kite shield       |    46 |    93 |   153 |   154 ||   446

Table legend: (Time is in decaauts)
 A = Elapsed time spent in this place.
 B = Non-inter-level travel time spent in this place.
 C = Inter-level travel time spent in this place.
 D = Time resting spent in this place.
 E = Time spent auto-exploring this place.
 F = Levels seen in this place.
 G = Mean time per level.
                   A        B        C        D        E       F      G
               +--------+--------+--------+--------+--------+-----+--------+
         Total |  10023 |   9670 |    353 |    633 |   6650 |  15 |  668.2 |
       Dungeon |   8727 |   8374 |    353 |    505 |   6086 |  12 |  727.2 |
         Abyss |    202 |    202 |      0 |     31 |    104 |   1 |  202.0 |
         Sewer |    633 |    633 |      0 |      0 |    394 |   1 |  633.0 |
        Bailey |    460 |    460 |      0 |     97 |     66 |   1 |  460.0 |
               +--------+--------+--------+--------+--------+-----+--------+

Top non-repeatable levels by time:
     D:8: 1058 daAuts
    D:11: 1040 daAuts
     D:1: 760 daAuts
    D:10: 756 daAuts
     D:3: 738 daAuts
     D:4: 720 daAuts
     D:6: 710 daAuts
     D:5: 668 daAuts
     D:7: 640 daAuts
   Sewer: 633 daAuts
     D:2: 620 daAuts
     D:9: 607 daAuts
  Bailey: 460 daAuts
    D:12: 405 daAuts
 Abyss:1: 202 daAuts
